 Dungeon Crawl Stone Soup version 0.29-a0-887-gcbe080d7e0 (webtiles) character file.

Game seed: 3459405551889593429

18 spiderkeys the Conjurer (level 2, -4/17 HPs)
             Began as an Octopode Conjurer on July 21, 2022.
             Slain by a goblin
             ... wielding a +0 dagger
             ... led by Robin
              (5 damage)
             ... on level 1 of the Dungeon.
             The game lasted 00:01:09 (1475 turns).

spiderkeys the Conjurer (Octopode Conjurer)         Turns: 1475, Time: 00:01:09

Health: -4/17      AC:  1    Str:  6    XL:     2   Next: 70%
Magic:  5/5        EV: 13    Int: 20    God:
Gold:   104        SH:  0    Dex: 10    Spells: 5/6 levels left

rFire   . . .      SeeInvis .   b - +0 hand axe
rCold   . . .      Faith    .   (no shield)
rNeg    . . .      Spirit   .   (helmet restricted)
rPois   .          Reflect  .   (no amulet)
rElec   .          Harm     .   (no ring)
rCorr   .          Rampage  .   (no ring)
Will    .....                   (no ring)
Stlth   +++.......              (no ring)
HPRegen 0.05/turn               (no ring)
MPRegen 0.09/turn               (no ring)
                                (no ring)
                                (no ring)

@: no status effects
A: almost no armour, amphibious, 8 rings, camouflage 1, gelatinous body 1,
(nimble swimmer 1), tentacles
a: no special abilities


You were on level 1 of the Dungeon.
You visited 1 branch of the dungeon, and saw 2 of its levels.

You collected 104 gold pieces.


Innate Abilities, Weirdness & Mutations

You cannot wear most types of armour.
You are amphibious.
You can wear up to eight rings at the same time.
Your skin changes colour to match your surroundings (Stealth+).
Your rubbery body absorbs attacks. (AC +1, EV +1)
((You are camouflaged when in or above water. (Stealth+)))
You have tentacles for arms and can constrict up to eight enemies at once.


   Skills:
 - Level 2.0 Dodging
 - Level 2.6 Stealth
 + Level 2.5 Spellcasting
 + Level 4.3 Conjurations


You had 5 spell levels left.
You knew the following spells:

 Your Spells              Type           Power      Damage    Failure   Level
m - Magic Dart            Conj           80%        1d7       2%          1

Your spell library contained the following spells:

 Spells                   Type           Power      Damage    Failure   Level
 Searing Ray              Conj           40%        2d5       3%          2
 Dazzling Flash           Conj/Hex       22%        N/A       19%         3
 Fulminant Prism          Conj/Hex       5%         3d7       52%         4
 Iskenderun's Mystic Bla  Conj/Tloc      11%        2d4       52%         4

Inventory:

Hand Weapons
 b - a +0 hand axe (weapon)
   (You found it on level 1 of the Dungeon)
Missiles
 c - 17 stones
Scrolls
 d - a scroll of butterflies {unknown}
 e - a scroll of torment {unknown}
 i - a scroll of identify {unknown}
Potions
 a - a potion of magic
 f - a potion of brilliance {unknown}
 g - 2 potions of resistance {unknown}
 h - a potion of cancellation {unknown}

Dungeon Overview and Level Annotations

Branches:
Dungeon (2/15) Zot: 10519

Altars:

Annotations:
D:2 Robin

############....#################
......[....'..).#................
############....#.##############.
# #....#.# #.........#. #
#....#.# #.#....##.#. # #....#.#
#.#.....#.#.
############..)g..####.#..#..#.#.
..............)ggg#.......#..#.#.
###############g@......##.####.#.
.########..............#.......#.
.'.....##..............#########.
.#####.#.......#.................
.#.# #.#.......#...##......######
##.# #.#.......##...#............
...###.#.......##.#.######.######
.....#.#.......##.#..........#.##
)..#.#.##......##..#.#####.#.#...


You could see 2 hobgoblins and 3 goblins.


Message History

Robin shouts!
You hear a shout!
A goblin comes into view. It is wielding a +0 dagger. 😎 MP[-1]
You lost 1 mp, and now have 4/5 mp.
You hear a shout!
The goblin barely misses you. x2
You climb upwards.
There is a stone staircase leading down here.
You miss the goblin. Your grab misses the goblin. You squeeze the goblin.
You kill the goblin!
You hit the goblin.
You kill the goblin!
No target in view!
No target in view!
You start resting. 😎 MP[+1]
Your mp is fully restored (5).
You climb downwards.
Level annotation: Robin The goblin shouts!
The hobgoblin completely misses you. The hobgoblin misses you.
The goblin barely misses you.
There is a stone staircase leading up here.
The hobgoblin hits you. The goblin closely misses you.
You climb upwards.
There is a stone staircase leading down here. 😕 HP[-2]
You take 2 damage, and now have 15/17 hp.
You hit the goblin.
You kill the goblin!
You hit the hobgoblin but do no damage. x2; The hobgoblin closely misses you. x2
You closely miss the hobgoblin. Your grab misses the hobgoblin.
You squeeze the hobgoblin, but do no damage.
You closely miss the hobgoblin.
The hobgoblin hits you but does no damage.
The hobgoblin misses you. The hobgoblin barely misses you.
The hobgoblin hits you. 😮 HP[-3]
You take 3 damage, and now have 12/17 hp.
You are too injured to fight recklessly!
You are too injured to fight recklessly!
You are too injured to fight recklessly!
You are too injured to fight recklessly!
Unknown command.
You closely miss the hobgoblin. You grab the hobgoblin. You hit the hobgoblin.
You constrict the hobgoblin. The hobgoblin hits you.
The hobgoblin completely misses you. 😮 HP[-3]
You take 3 damage, and now have 9/17 hp.
You hit the hobgoblin but do no damage. You squeeze the hobgoblin.
You kill the hobgoblin!
You hit the hobgoblin. The hobgoblin closely misses you.
You barely miss the hobgoblin. You grab the hobgoblin.
You constrict the hobgoblin, but do no damage.
The hobgoblin hits you.
* * * LOW HITPOINT WARNING * * *
The hobgoblin hits you.
* * * LOW HITPOINT WARNING * * *
😱 HP[-7]
You take 7 damage, and now have 2/17 hp.
MASSIVE DAMAGE!! (PAUSE)
You hit the hobgoblin.
You kill the hobgoblin!
You start resting. 😎 HP[+15]
Your hp is fully restored (17).
You climb downwards.
Level annotation: Robin The goblin barely misses you.
The goblin closely misses you. The goblin hits you with a +0 club.
The hobgoblin closely misses you.
The hobgoblin hits you. x2; Robin throws the goblin at you!
The goblin misses you. x2; The goblin closely misses you.
There is a stone staircase leading up here. 😮 HP[-7]
You take 7 damage, and now have 10/17 hp.
MASSIVE DAMAGE!! (PAUSE)
The goblin misses you. The hobgoblin hits you.
* * * LOW HITPOINT WARNING * * *
The goblin barely misses you. The hobgoblin closely misses you.
Robin roars a battlecry!
The goblins go into a battle-frenzy!
The goblin barely misses you.
The endoplasm quivers.
You climb upwards.
There is a stone staircase leading down here. 😨 HP[-2]
You take 2 damage, and now have 8/17 hp.
Unknown command.
The hobgoblin attacks as you move away! The hobgoblin hits you.
* * * LOW HITPOINT WARNING * * *
The hobgoblin misses you. The goblin barely misses you.
Things that are here:
a +0 club; a hobgoblin skeleton; a goblin skeleton 😨 HP[-2]
You take 2 damage, and now have 6/17 hp.
Unknown command.
The goblin attacks as you move away! The goblin hits you with a +0 club.
* * * LOW HITPOINT WARNING * * *
The goblin attacks as you move away! The goblin hits you with a +0 dagger.
You die...

Action                   || total
-------------------------++-------
Melee: Hand axe          ||    12
       Constrict         ||     5
       Tentacles         ||     4
       Punch             ||     1
 Cast: Magic Dart        ||    19
Armor: Skin              ||     1
Dodge: Dodged            ||    25

Levels and vault maps discovered:
D:1:      matt_arrival_refuge, layout_basic, minmay_tromino_v4_b
D:2:      layout_basic, uniq_robin, uniq_natasha

Notes
Turn   | Place    | Note
-------+----------+-------------------------------------------
     0 | D:1      | spiderkeys the Octopode Conjurer began the quest for the
                  | Orb.
     0 | D:1      | Reached XP level 1. HP: 11/11 MP: 3/3
     0 | D:1      | magus.rc [v1.11.3]
   734 | D:1      | Reached XP level 2. HP: 17/17 MP: 3/5
  1157 | D:2      | Noticed Robin
  1175 | D:1      | HP: 2/17 [hobgoblin[Robin] (3)]
  1475 | D:1      | HP: 1/17 [goblin/+0 club[Robin] (5)]
  1475 | D:1      | Slain by a goblin

Vanquished Creatures
  A dart slug (D:1)
  2 endoplasms (D:1)
  4 goblins (D:1)
  3 hobgoblins (D:1)
  2 ball pythons (D:1)
  2 bats (D:1)
14 creatures vanquished.

Table legend:
 A = Non-vault XP
 B = Vault XP
 C = Vault XP percentage of total XP
 D = Non-vault monster count
 E = Vault monster count
 F = Vault count percentage of total count
                 A         B        C        D         E       F
            +---------+---------+-------+---------+---------+-------
      Total |      14 |      13 |  48.1 |       7 |       7 |  50.0
            +---------+---------+-------+---------+---------+-------
        D:1 |      14 |      13 |  48.1 |       7 |       7 |  50.0
            +---------+---------+-------+---------+---------+-------

Illustrated notes

Table legend:
 A = Kills in this place as a percentage of kills in entire the game.
 B = Kills by you in this place as a percentage of kills by you in the entire game.
 C = Kills by friends in this place as a percentage of kills by friends in the entire game.
 D = Other kills in this place as a percentage of other kills in the entire game.
 E = Experience gained in this place as a percentage of experience gained in the entire game.
 F = Experience gained in this place divided by the number of levels of this place that you have seen.
                   A       B       C       D       E      F
               +-------+-------+-------+-------+-------+----------------------
         Total | 100.0 | 100.0 |   N/A |   N/A | 100.0 |  13.5
       Dungeon | 100.0 | 100.0 |   N/A |   N/A | 100.0 |  13.5
               +-------+-------+-------+-------+-------+----------------------

Table legend: (Time is in decaauts)
 A = Elapsed time spent in this place.
 B = Non-inter-level travel time spent in this place.
 C = Inter-level travel time spent in this place.
 D = Time resting spent in this place.
 E = Time spent auto-exploring this place.
 F = Levels seen in this place.
 G = Mean time per level.
                   A        B        C        D        E       F      G
               +--------+--------+--------+--------+--------+-----+--------+
         Total |   1480 |   1476 |      4 |    299 |   1092 |   2 |  740.0 |
       Dungeon |   1480 |   1476 |      4 |    299 |   1092 |   2 |  740.0 |
               +--------+--------+--------+--------+--------+-----+--------+

Top non-repeatable levels by time:
     D:1: 1472 daAuts
     D:2: 7 daAuts
